 Dungeon Crawl Stone Soup version 0.31-a0-236-g9a0961fb85 (webtiles) character file.

Game seed: 6142851458830222824

45 Nietzsche the Poker (level 3, -1/30 HPs)
             Began as a Draconian Gladiator on July 10, 2023.
             Succumbed to an adder's poison
             ... on level 2 of the Dungeon.
             The game lasted 00:02:48 (1083 turns).

Nietzsche the Poker (Draconian Gladiator)           Turns: 1083, Time: 00:02:49

Health: -1/30      AC:  5    Str: 16    XL:     3   Next: 42%
Magic:  4/4        EV: 12    Int: 10    God:
Gold:   29         SH:  0    Dex: 12    Spells: 4/4 levels left

rFire   . . .        a - +0 trident
rCold   . . .        (no shield)
rNeg    . . .        (body armour unavailable)
rPois   .            b - +0 hat
rElec   .            (no cloak)
rCorr   .            (no gloves)
SInv    .            (no boots)
Will    .....        (no amulet)
Stlth   +            (no ring)
HPRegen 0.25/turn    (no ring)
MPRegen 0.09/turn

%: no passive effects
@: lethally poisoned (-1 -> -8)
A: AC +5, unfitting armour, cold-blooded
a: no special abilities


You were on level 2 of the Dungeon.
You visited 1 branch of the dungeon, and saw 2 of its levels.

You collected 29 gold pieces.

Inventory:

Hand Weapons
 a - a +0 trident (weapon)
Missiles
 c - 3 throwing nets (quivered)
 d - a javelin
Armour
 b - a +0 hat (worn)
Scrolls
 f - 3 scrolls of identify {unknown}
 g - a scroll of noise {unknown}
 h - a scroll of amnesia {unknown}
Potions
 e - a potion of curing {unknown}


   Skills:
 + Level 2.5 Fighting
 + Level 3.6 Polearms
 - Level 1.7 Throwing
 + Level 3.0 Dodging
 + Level 0.5 Stealth
 * Level 1.1 Spellcasting


You had 4 spell levels left.
You didn't know any spells.
Your spell library contained the following spells:

 Spells                   Type           Power      Damage    Failure   Level
 Summon Small Mammal      Summ           0%         N/A       34%         1
 Sublimation of Blood     Necr           0%         N/A       45%         2
 Wereblood                Tmut           0%         N/A       45%         2
 Call Canine Familiar     Summ           0%         N/A       71%         3
 Ozocubu's Armour         Ice            0%         N/A       71%         3
 Summon Guardian Golem    Hex/Summ       0%         N/A       71%         3
 Ozocubu's Refrigeration  Ice            0%         4d7       100%        7
 Summon Hydra             Summ           0%         N/A       100%        7


Dungeon Overview and Level Annotations

Branches:
Dungeon (2/15)

Altars:


Innate Abilities, Weirdness & Mutations

Your plain brown scales are hard. (AC +5)
You cannot fit into any form of body armour.
You are cold-blooded and may be slowed by cold attacks.


Message History

You completely miss the adder.
The adder is lightly wounded.
The adder closely misses you. The adder completely misses you.
The adder closely misses you.
You barely miss the adder.
The adder is lightly wounded.
The adder bites you.
You are poisoned.
The adder poisons you! The adder bites you but does no damage.
You hit the adder.
The adder is heavily wounded.
You feel sick.
The adder bites you. x2; The adder barely misses you.
The adder closely misses you.
You miss the adder.
The adder is heavily wounded.
You feel sick. The adder misses you. x2
The adder attacks as you move away! The adder bites you.
You are more poisoned.
The adder poisons you!
You feel sick. The adder barely misses you. The adder attacks as you move away!
The adder misses you.
You feel sick. The adder attacks as you move away!
The adder bites you but does no damage.
You feel sick.
You feel sick.
Found a short sword.
You feel sick. The adder barely misses you. The adder closely misses you.
The adder attacks as you move away! The adder bites you.
* * * LOW HITPOINT WARNING * * *
You are more poisoned.
The adder poisons you!
You feel sick. The adder attacks as you move away! The adder misses you.
You feel sick.
You feel sick. The adder bites you.
* * * LOW HITPOINT WARNING * * *
You are more poisoned.
The adder poisons you! The adder bites you but does no damage.
The adder attacks as you move away! The adder bites you but does no damage.
* * * LOW HITPOINT WARNING * * *
You feel very sick. The adder attacks as you move away!
The adder barely misses you. The adder attacks as you move away!
The adder misses you.
You die...

##.............$#
##..............#
................#
.........?......#
.$..............####+##
................?.)...#
.........†......#....
..............S#..#
......#.......S.@#
.........#...#####
........###.....
.......##...###.#
..#?<.. #..## .#
#....###..# . ##...
.... ...


You could see 2 adders.

Vanquished Creatures
  2 dart slugs (D:1)
  2 worms (D:2)
  3 bats (D:1)
  2 endoplasms
  3 giant cockroaches (D:1)
  A goblin (D:1)
  3 hobgoblins (D:1)
  6 jackals (D:1)
  2 kobolds (D:1)
  3 ball pythons (D:1)
  4 frilled lizards (D:1)
  2 rats (D:1)
33 creatures vanquished.

Notes
Turn   | Place    | Note
-------+----------+-------------------------------------------
     0 | D:1      | Nietzsche the Draconian Gladiator began the quest for the
                  | Orb.
     0 | D:1      | Reached XP level 1. HP: 17/17 MP: 1/1
   165 | D:1      | Reached XP level 2. HP: 24/24 MP: 2/2
   282 | D:1      | Reached skill level 1 in Spellcasting
   531 | D:1      | Reached XP level 3. HP: 20/30 MP: 4/4
  1082 | D:2      | HP: 1/30 [poisoned by an adder]
  1083 | D:2      | Succumbed to an adder's poison

Illustrated notes

Levels and vault maps discovered:
D:1:      onia_arrival_mini_maze_b, layout_loops_ring, minmay_misc_feat_plants
D:2:      layout_rooms, amethyst_killhole, minmay_goblin_outpost

Skill      XL: |  1  2 |
---------------+-------+-----
Dodging        | 3 |  3.0
Spellcasting   | 1 |  1.1
Fighting       | |  2.5
Polearms       | |  3.6
Throwing       | |  1.7
Stealth        | |  0.5

Action                     || total
---------------------------++-------
  Melee: Trident           ||   105
         Tailslap          ||    11
   Stab: Sleeping          ||     5
 Armour: Skin              ||    33
  Dodge: Dodged            ||    71

Table legend: (Time is in decaauts)
 A = Elapsed time spent in this place.
 B = Non-inter-level travel time spent in this place.
 C = Inter-level travel time spent in this place.
 D = Time resting spent in this place.
 E = Time spent auto-exploring this place.
 F = Levels seen in this place.
 G = Mean time per level.
                   A        B        C        D        E       F      G
               +--------+--------+--------+--------+--------+-----+--------+
         Total |   1097 |   1067 |     30 |      0 |    830 |   2 |  548.5 |
       Dungeon |   1097 |   1067 |     30 |      0 |    830 |   2 |  548.5 |
               +--------+--------+--------+--------+--------+-----+--------+

Top non-repeatable levels by time:
     D:1: 941 daAuts
     D:2: 156 daAuts
